 Dungeon Crawl Stone Soup version 0.29.1-15-g9cfb28693d (webtiles) character file.

Game seed: 15195199045514041949

21 booth the Chopper (level 2, -3/22 HPs)
             Began as a Demonspawn Gladiator on May 2, 2023.
             Slain by a gnoll
             ... wielding a +0 halberd
              (10 damage)
             ... on level 2 of the Dungeon.
             The game lasted 00:05:59 (1540 turns).

booth the Chopper (Demonspawn Gladiator)            Turns: 1540, Time: 00:05:59

Health: -3/22      AC:  4    Str: 14    XL:     2   Next: 62%
Magic:  2/2        EV: 12    Int:  9    God:
Gold:   31         SH:  5    Dex: 14    Spells: 1/1 levels left

rFire   . . .      SeeInvis .   a - +1 war axe
rCold   . . .      Faith    .   l - +2 buckler {reflect}
rNeg    . . .      Spirit   .   b - +0 leather armour
rPois   .          Reflect  +   c - +0 helmet
rElec   .          Harm     .   (no cloak)
rCorr   .          Rampage  .   (no gloves)
Will    .....                   (no boots)
Stlth   +.........              (no amulet)
HPRegen 0.07/turn               (no ring)
MPRegen 0.08/turn               (no ring)

@: no status effects
A: hooves 1
a: no special abilities


You were on level 2 of the Dungeon.
You visited 1 branch of the dungeon, and saw 2 of its levels.

You collected 31 gold pieces.

Inventory:

Hand Weapons
 a - a +1 war axe (weapon)
Missiles
 d - 3 throwing nets (quivered)
Armour
 b - a +0 leather armour (worn)
 c - a +0 helmet (worn)
 l - a +2 buckler of reflection (worn)
Scrolls
 g - a scroll of teleportation {unknown}
 h - a scroll of noise {unknown}
 k - a scroll of identify {unknown}
 n - a scroll of fear {unknown}
Potions
 f - a potion of brilliance {unknown}
 i - a potion of haste {unknown}
 j - a potion of lignification {unknown}
 m - a potion of attraction {unknown}


   Skills:
 + Level 2.2 Fighting
 * Level 3.0 Axes
 + Level 2.0 Throwing
 + Level 2.9 Dodging
 + Level 0.3 Shields


You had one spell level left.
You didn't know any spells.
Your spell library contained the following spells:

 Spells                   Type           Power      Damage    Failure   Level
 Confusing Touch          Hex            0%         N/A       91%         3
 Yara's Violent Unravell  Hex/Tmut       0%         3d3       100%        5
 Enfeeble                 Hex            0%         N/A       100%        7


Dungeon Overview and Level Annotations

Branches:
Dungeon (2/15)

Altars:


Innate Abilities, Weirdness & Mutations

You have large cloven feet.


Message History

You see here a frilled lizard corpse.
A gnoll comes into view. It is wielding a +0 halberd.
The gnoll shouts!
You see here a frilled lizard corpse.
Throw: javelin
Press: ? - help, Q - select action, (/) - cycle Shift-Dir - straight line, f - gnoll
Aim: a gnoll, wielding a +0 halberd (64% to hit)
You throw a javelin. The javelin pierces through the gnoll.
The gnoll is heavily wounded.
Throw: 3 throwing nets
Press: ? - help, Q - select action Shift-Dir - straight line, f/p - gnoll
Aim: a gnoll, wielding a +0 halberd (heavily wounded, 64% to hit)
Okay, then.
A gnoll comes into view. It is wielding a +0 halberd.
The gnoll closely misses you.
A gnoll comes into view. It is wielding a +0 flail.
The gnoll shouts! x2
A gnoll comes into view. It is wielding a +0 halberd.
The gnoll shouts!
The gnoll barely misses you. The gnoll closely misses you.
You hit the gnoll but do no damage. Your kick misses the gnoll.
The gnoll is heavily wounded.
You block the gnoll's attack.
You barely miss the gnoll.
The gnoll is heavily wounded.
The gnoll closely misses you.
The gnoll hits you from afar with a +0 halberd.
The gnoll hits you with a +0 halberd! The gnoll barely misses you.
You hit the gnoll but do no damage. You kick the gnoll, but do no damage.
The gnoll is heavily wounded.
The gnoll hits you but does no damage. You block the gnoll's attack.
You closely miss the gnoll.
The gnoll is heavily wounded.
You block the gnoll's attack. x2
You slash the gnoll!
You kill the gnoll!
The gnoll misses you.
The gnoll hits you from afar with a +0 halberd!
You die...

#.#
#.#
#.#
#.#
#.##
#..#
##.#
#.####
#..)@#
####.#
#g#
#g#
#g#
#.#
#.#
#.#
#.#


You could see 3 gnolls.

Vanquished Creatures
  An adder (D:2)
  A gnoll (D:2)
  A ball python (D:1)
  An endoplasm (D:1)
  A goblin (D:1)
  A hobgoblin (D:2)
  A frilled lizard (D:2)
  2 kobolds (D:1)
  5 rats
14 creatures vanquished.

Vanquished Creatures (others)
  6 plants (D:1)
6 creatures vanquished.

Grand Total: 20 creatures vanquished

Notes
Turn   | Place    | Note
-------+----------+-------------------------------------------
     0 | D:1      | booth the Demonspawn Gladiator began the quest for the Orb.
     0 | D:1      | Reached XP level 1. HP: 16/16 MP: 1/1
   801 | D:1      | Gained mutation: You have large cloven feet. [demonic
                  | ancestry]
   801 | D:1      | Reached XP level 2. HP: 22/22 MP: 2/2
  1113 | D:2      | Reached skill level 3 in Axes
  1540 | D:2      | Slain by a gnoll

Illustrated notes

Levels and vault maps discovered:
D:1:      evilmike_arrival_crescent, layout_basic, serial_bayou_lake_a
D:2:      layout_rooms, minmay_statues_item

Skill      XL: |  1  2 |
---------------+-------+-----
Throwing       | 2 |  2.0
Axes           | 3 |  3.0
Fighting       | |  2.2
Dodging        | |  2.9
Shields        | |  0.3

Action                   || total
-------------------------++-------
Melee: War axe           ||    51
       Kick              ||     2
Throw: Javelin           ||     1
  Use: Scroll            ||     2
Armor: Leather armour    ||     9
Dodge: Dodged            ||    41
Block: Buckler           ||     5
